 Dungeon Crawl Stone Soup version 0.31.0-32-g396128a36d (webtiles) character file.

Game seed: 16270077261574997472

6297 Peloso the Carver (level 10, -4/90 HPs)
             Began as a Minotaur Fighter on Apr 6, 2024.
             Succumbed to a scorpion's poison
             ... on level 7 of the Dungeon.
             The game lasted 00:17:55 (6510 turns).

Peloso the Carver (Minotaur Fighter)                Turns: 6510, Time: 00:17:57

Health: -4/90      AC: 20    Str: 20    XL:     10   Next: 63%
Magic:  9/9        EV:  7    Int:  5    God:
Gold:   567        SH:  6    Dex: 15    Spells: 9/9 levels left

rFire   . . .        a - +0 long sword (protect)
rCold   . . .        d - +0 buckler
rNeg    . . .        E - +1 plate armour
rPois   .            (helmet restricted)
rElec   .            B - +0 cloak
rCorr   .            (no gloves)
SInv    .            (no boots)
Will    .....        v - amulet of regeneration Stlth
                     n - +4 ring of protection
HPRegen 1.15/turn    l - ring of flight
MPRegen 0.11/turn

%: no passive effects
@: lethally poisoned (-4 -> -20), flying, slowed, very slow
A: horns 2, retaliatory headbutt
a: no special abilities


You were on level 7 of the Dungeon.
You visited 2 branches of the dungeon, and saw 9 of its levels.
You also visited: Ossuary.

You collected 567 gold pieces.

Inventory:

Hand Weapons
 a - a +0 long sword of protection (weapon)
Armour
 b - a +0 scale mail
 c - a +0 chain mail
 d - a +0 buckler (worn)
 B - a +0 cloak (worn)
 E - a +1 plate armour (worn)
Jewellery
 e - an amulet of guardian spirit
 f - a ring of protection from fire
 l - a ring of flight (right hand)
 n - a +4 ring of protection (left hand)
 u - a ring of protection from cold
 v - an amulet of regeneration (around neck)
 O - a ring of protection from fire
Talismans
 g - a maw talisman
 F - a serpent talisman
Wands
 o - a wand of charming (15)
 p - a wand of iceblast (6)
 x - a wand of mindburst (12)
 z - a wand of quicksilver (10)
 C - a wand of flame (14)
Scrolls
 i - a scroll of enchant weapon
 j - a scroll of identify
 k - 2 scrolls of blinking
 q - 2 scrolls of enchant armour
 r - 3 scrolls of teleportation
 y - 2 scrolls of revelation
 A - a scroll of immolation
 I - a scroll of fear {unknown}
 P - 2 scrolls of brand weapon
 Q - a scroll of amnesia
Potions
 h - 8 potions of curing
 m - 3 potions of enlightenment
 s - 3 potions of mutation
 t - 2 potions of resistance
 w - a potion of haste {unknown}
 D - 2 potions of might
 G - 3 potions of ambrosia {unknown}
 H - 2 potions of brilliance {unknown}
 J - 2 potions of attraction {unknown}
 K - a potion of lignification {unknown}
 L - a potion of magic {unknown}
 M - a potion of heal wounds {unknown}
 N - a potion of invisibility {unknown}


   Skills:
 + Level 8.9 Fighting
 + Level 12.8 Long Blades
 + Level 9.8 Armour
 + Level 3.1 Dodging
 + Level 0.6 Stealth
 + Level 8.0 Shields
 + Level 0.7 Evocations


You had 9 spell levels left.
You didn't know any spells.
Your spell library contained the following spells:

 Spells                   Type           Power      Damage    Failure   Level
 Apportation              Tloc           0%         N/A       100%        1
 Freeze                   Ice            0%         1d3       100%        1
 Kiss of Death            Conj/Necr      0%         2d5       100%        1
 Necrotise                Necr           0%         1d4       100%        1
 Sting                    Conj/Alch      0%         1d3       100%        1
 Summon Small Mammal      Summ           0%         N/A       100%        1
 Blink                    Tloc           0%         N/A       100%        2
 Ensorcelled Hibernation  Hex/Ice        0%         N/A       100%        2
 Lesser Beckoning         Tloc           0%         N/A       100%        2
 Momentum Strike          Conj/Tloc      0%         3d8       100%        2
 Confusing Touch          Hex            0%         N/A       100%        3
 Frozen Ramparts          Ice            0%         1d1       100%        3
 Fugue of the Fallen      Necr           0%         N/A       100%        3
 Gell's Gravitas          Tloc           0%         N/A       100%        3
 Hailstorm                Conj/Ice       0%         3d5       100%        3
 Teleport Other           Tloc           0%         N/A       100%        3
 Anguish                  Hex/Necr       0%         N/A       100%        4
 Dispel Undead            Necr           0%         3d6       100%        4
 Vhi's Electric Charge    Tloc/Air       0%         N/A       100%        4
 Arcjolt                  Conj/Air       0%         1d10      100%        5
 Fireball                 Conj/Fire      0%         3d3       100%        5
 Conjure Ball Lightning   Conj/Air       0%         3x3d6     100%        6
 Dispersal                Tloc           0%         N/A       100%        6
 Sculpt Simulacrum        Ice/Alch       0%         N/A       100%        6
 Maxwell's Capacitive Co  Air            0%         ∞         100%        8


Dungeon Overview and Level Annotations

Branches:
Dungeon (8/15)             Temple (1/1) D:4         Ossuary (visited)
   Lair: D:8-11

Altars:
Ashenzari
Cheibriados
Dithmenos
Elyvilon
Fedhas
Gozag
Hepliaklqana
Makhleb
Nemelex Xobeh
Qazlal
Sif Muna
Trog
Vehumet
Wu Jian
Xom
Yredelemnul
The Shining One

Annotations:
D:4 2 transporters, 2 runed translucent doors, cfcfcfcfcf's ghost, amateur MiFi
D:7 2 transporters, Amaemon; Xomster's ghost, novice MiBe


Innate Abilities, Weirdness & Mutations

You have a pair of horns on your head.
You reflexively headbutt those who attack you in melee.


Message History

The yak gores you but does no damage. You block the orange demon's attack.
Unknown command.
You hit the yak.
The yak is almost dead.
You feel sick. You block the yak's attack. You block the orange demon's attack.
Amaemon gestures wildly while chanting.
Unknown command.
You hit the yak. Your headbutt misses the yak.
The yak is almost dead.
You feel sick. The yak gores you but does no damage.
You block the orange demon's attack.
Unknown command.
You hit the yak.
You kill the yak!
You feel sick. The orange demon barely misses you.
The orange demon stings you from afar.
You are more poisoned.
You have difficulty breathing.
* * * LOW HITPOINT WARNING * * *
You feel as though you will be slow longer.
Amaemon barely misses you. You furiously retaliate!
You headbutt Amaemon! You block Amaemon's attack.
Amaemon tail-slaps you but does no damage.
Your Shields skill increases to level 8!
* * * LOW HITPOINT WARNING * * *
You feel extremely sick.
There is a stone staircase leading up here.
You feel extremely sick. Amaemon hits you but does no damage.
Amaemon claws you.
* * * LOW HITPOINT WARNING * * *
You block Amaemon's attack. The scorpion stings you.
* * * LOW HITPOINT WARNING * * *
You are more poisoned.
The scorpion poisons you! Amaemon barely misses you. You furiously retaliate!
You headbutt Amaemon! Amaemon barely misses you.
Amaemon tail-slaps you but does no damage.
You fly upwards.
The scorpion disappears in a puff of smoke! x3
Level annotation: 2 transporters, Xomster's ghost, novice MiBe You die...

##### #.# #.# ...# #.# #.# ##.#
#.# ###.### #.# #.# #.....# #.#
#.# #.###.# #.# #.# #.# #.# #.#
#.# #.###.# #)# ####.# #.....#
#.# #.6@)# ###.### #(# #.####
#.# #.# #.# #.# #.# #.# #.#
##.### #.# #.# .....# #####.#
#.### ...#.# #.....## #...####
####.#####.###..#########.#....#
# #............................#


You could see Amaemon.

Vanquished Creatures
  Pikel (D:7)
  Joseph (D:7)
  5 gargoyles (D:7)
  Sigmund (D:5)
  6 yaks (D:8)
  Edmund (D:5)
  2 water moccasins
  6 orc warriors
  A sky beast (D:7)
  3 ogres
  A centaur (D:7)
  2 lemures (D:7)
  A bullfrog (D:7)
  3 scorpions
  A gnoll sergeant (D:6)
  4 howler monkeys
  7 hounds
  4 jellies
  5 orc priests
  A gnoll bouda (D:6)
  A sleepcap (D:6)
  Jessica (D:3)
  3 iguanas
  Ijyb (D:3)
  Natasha (thrice) (D:3)
  7 orc wizards
  5 mummies (Ossuary)
  Robin (D:4)
  10 gnolls (D:6)
  8 adders
  3 white imps
  2 ufetubi (D:7)
  A dart slug (D:3)
  3 ribbon worms
  35 orcs
  2 bats
  9 endoplasms
  2 giant cockroaches (D:2)
  2 hobgoblins (D:1)
  4 jackals (D:2)
  4 quokkas
  5 ball pythons
  4 frilled lizards
  16 goblins
  3 hobgoblin zombies (Ossuary)
  5 kobolds
  A kobold zombie (Ossuary)
  An orc zombie (Ossuary)
  2 rats (D:1)
200 creatures vanquished.

Vanquished Creatures (collateral kills)
  3 mummies (Ossuary)
  A kobold zombie (Ossuary)
4 creatures vanquished.

Vanquished Creatures (others)
  2 orc zombies (Ossuary)
2 creatures vanquished.

Grand Total: 206 creatures vanquished

Notes
Turn   | Place    | Note
-------+----------+-------------------------------------------
     0 | D:1      | Peloso the Minotaur Fighter began the quest for the Orb.
     0 | D:1      | Reached XP level 1. HP: 19/19 MP: 0/0
   296 | D:1      | Reached XP level 2. HP: 26/27 MP: 1/1
  1006 | D:2      | Reached skill level 3 in Long Blades
  1006 | D:2      | Reached XP level 3. HP: 33/33 MP: 2/2
  1345 | D:3      | Reached XP level 4. HP: 40/40 MP: 3/3
  1477 | D:3      | Noticed Natasha
  1480 | D:3      | Killed Natasha
  1481 | D:3      | Reached skill level 4 in Long Blades
  1513 | D:3      | Noticed Natasha
  1522 | D:3      | Killed Natasha
  1635 | D:3      | Found a white marble altar of Elyvilon.
  1635 | D:3      | Found a broken altar of Ashenzari.
  1636 | D:3      | Found a shimmering altar of Xom.
  1780 | D:3      | Noticed Natasha
  1783 | D:3      | Noticed Jessica
  1789 | D:3      | Killed Natasha
  1790 | D:3      | Reached skill level 5 in Armour
  1790 | D:3      | Reached XP level 5. HP: 42/46 MP: 4/4
  1793 | D:3      | Killed Jessica
  1849 | D:3      | Noticed Ijyb
  1860 | D:3      | Killed Ijyb
  2205 | D:4      | Found a transporter.
  2228 | D:4      | Reached skill level 1 in Dodging
  2302 | D:4      | Found a staircase to the Ecumenical Temple.
  2315 | Temple   | Entered the Ecumenical Temple
  2357 | D:4      | Noticed Robin
  2534 | Temple   | Reached XP level 6. HP: 27/52 MP: 5/5
  2639 | D:4      | Killed Robin
  2647 | D:4      | Reached skill level 5 in Long Blades
  2680 | D:4      | Found a transporter.
  2788 | D:3      | Reached skill level 5 in Shields
  2856 | D:4      | Identified the +5 trident of Resourcefulness {holy, rC+
                  | rCorr Dex-2}
  3000 | D:4      | Found a runed translucent door.
  3014 | D:4      | Found a runed translucent door.
  3015 | D:4      | Noticed cfcfcfcfcf's ghost (amateur MiFi)
  3145 | D:5      | Entered Level 5 of the Dungeon
  3260 | D:5      | Reached XP level 7. HP: 52/60 MP: 6/6
  3314 | D:5      | Noticed Edmund
  3383 | D:5      | Reached skill level 6 in Long Blades
  3634 | D:5      | Noticed Sigmund
  3643 | D:5      | Killed Edmund
  3644 | D:5      | Reached skill level 7 in Long Blades
  3655 | D:5      | Killed Sigmund
  3656 | D:5      | Reached skill level 5 in Fighting
  3656 | D:5      | Reached XP level 8. HP: 45/68 MP: 7/7
  3893 | D:6      | Reached skill level 8 in Long Blades
  3990 | D:6      | Found a sand-covered staircase.
  4008 | Ossuary  | Entered an ossuary
  4462 | D:6      | Reached skill level 9 in Long Blades
  4729 | D:6      | Reached XP level 9. HP: 48/75 MP: 8/8
  4811 | D:6      | Reached skill level 10 in Long Blades
  5344 | D:7      | Noticed Pikel
  5377 | D:7      | Killed Pikel
  5410 | D:7      | Noticed a gargoyle
  5424 | D:7      | Killed a gargoyle
  5425 | D:7      | Reached skill level 11 in Long Blades
  5556 | D:7      | Noticed Joseph
  5604 | D:7      | Killed Joseph
  5690 | D:7      | Noticed a gargoyle
  5710 | D:7      | Killed a gargoyle
  5711 | D:7      | Reached XP level 10. HP: 57/86 MP: 9/9
  5741 | D:7      | Noticed a gargoyle
  5750 | D:7      | Killed a gargoyle
  5753 | D:7      | Got the Book of Force and Tinctures
  5864 | D:7      | Noticed a gargoyle
  5871 | D:7      | Killed a gargoyle
  5872 | D:7      | Reached skill level 12 in Long Blades
  5884 | D:7      | Noticed a gargoyle
  5898 | D:7      | Killed a gargoyle
  5993 | D:7      | Found a transporter.
  5994 | D:7      | Found a transporter.
  5995 | D:7      | Identified the amulet of Siduoc {Reflect Int+5 SH+5}
  5997 | D:7      | Noticed Xomster's ghost (novice MiBe)
  6006 | D:7      | Identified the +1 buckler of Haunted Knowledge {+Inv rC+
                  | Dex+2 SInv}
  6481 | D:8      | Noticed Amaemon
  6482 | D:8      | Noticed an orange demon
  6510 | D:7      | Succumbed to a scorpion's poison

Illustrated notes

Levels and vault maps discovered:
D:1:      dpeg_arrival_castle, layout_basic, minmay_misc_feat_tower,
          minmay_surrounded
D:2:      layout_basic
D:3:      layout_loops_ring, gammafunk_temple_overflow_claw,
          hangedman_decor_clover_reticule, uniq_ijyb, uniq_natasha, uniq_jessica
D:4:      gammafunk_wand_slinger, layout_rooms, minmay_temple_entry_hall,
          ebering_ghost_sewer_f, grunt_ministairs_4, uniq_robin
D:5:      layout_basic, uniq_edmund, uniq_sigmund
D:6:      layout_gridville, lightli_ossuary_entry_decrepit_ruins,
          minmay_diced_spiral
D:7:      cheibrodos_statue_roulette, layout_loops_ring,
          gammafunk_ghost_gnarly_gnolls, uniq_joseph, uniq_pikel
D:8:      layout_loops_cross, david_lair_shrubbed, uniq_prince_ribbit1,
          uniq_amaemon
Temple:   zaba_magenta_temple

Skill      XL: |  1  2  3  4  5  6  7  8  9 10 |
---------------+-------------------------------+-----
Armour         | 4 5 6 7 8 9 |  9.8
Shields        | 4 5 6 7 8 |  8.0
Fighting       | 4 5 6 7 8 |  8.9
Long Blades    | 3 4 5 7 9 11 12 | 12.8
Dodging        | 1 2 3 |  3.1
Stealth        | |  0.6
Evocations     | |  0.7

Action                     |  1- 3 |  4- 6 |  7- 9 | 10-12 || total
---------------------------+-------+-------+-------+-------++-------
  Melee: Long sword        |    91 |   141 |   392 |   165 ||   789
         Headbutt          |    12 |    24 |    74 |    33 ||   143
  Evoke: Wand              |       |       |     5 |       ||     5
    Use: Scroll            |     7 |     3 |     5 |       ||    15
   Stab: Distracted        |       |       |     1 |       ||     1
 Armour: Scale mail        |    78 |   150 |    91 |       ||   319
         Plate armour      |       |       |   271 |   114 ||   385
  Dodge: Dodged            |    51 |    84 |   142 |    38 ||   315
  Block: Buckler           |    23 |    54 |   111 |    31 ||   219
